 Dungeon Crawl Stone Soup version 0.20.1-1-g8b1a95d (webtiles) character file.

2071 straycat the Covert (level 9, 0/61 HPs)
             Began as a Vampire Wanderer on July 19, 2017.
             Was an Initiate of Hepliaklqana.
             Killed by divine providence
             ... invoked by an orc priest
              (12 damage)
             ... on level 7 of the Dungeon.
             The game lasted 00:34:42 (9701 turns).

straycat the Covert (Vampire Wanderer)              Turns: 9701, Time: 00:34:43

Health: 0/61       AC:  6    Str: 11    XL:     9   Next: 5%
Magic:  9/9        EV: 19    Int: 16    God:    Hepliaklqana [......]
Gold:   400        SH:  0    Dex: 19    Spells: 8/8 levels left

rFire    . . .     SeeInvis +   a - +2 dagger (venom)
rCold    . . .     Gourm    .   (no shield)
rNeg     + . .     Faith    .   t - +0 leather armour
rPois    .         Spirit   .   (no helmet)
rElec    +         Reflect  .   n - +0 cloak
rCorr    +         Harm     .   C - +1 pair of gloves of Tenacity {rElec rCorr Int+4}
MR       .....                  (no boots)
Stlth    ++++......             (no amulet)
Regen    0.2/turn               (no ring)
MPRegen  0.2/turn               (no ring)

@: no status effects
A: reduced essence, fangs 3, see invisible, unbreathing
a: Bat Form, Recall Ancestor, Ancestor Identity, Renounce Religion


You were on level 7 of the Dungeon.
You worshipped Hepliaklqana.
Hepliaklqana was noncommittal.
You were not thirsty.

You visited 2 branches of the dungeon, and saw 8 of its levels.

You collected 400 gold pieces.

Inventory:

Hand Weapons
 a - a +2 dagger of venom (weapon)
 d - a +0 rapier
 e - a +0 hunting sling
 l - a +3 quarterstaff of chaos
 s - a +2 dagger of electrocution
 E - a +0 shortbow
 G - a +0 scimitar
Missiles
 g - 127 sling bullets
 i - 380 stones (quivered)
 k - 97 arrows
 m - 24 poisoned needles
 q - 34 bolts
Armour
 n - a +0 cloak (worn)
 t - a +0 leather armour (worn)
 C - the +1 pair of gloves of Tenacity (worn) {rElec rCorr Int+4}
   (You found it on level 6 of the Dungeon)

   It affects your intelligence (+4).
   It insulates you from electricity.
   It protects you from acid and corrosion.
Wands
 B - a wand of enslavement (13/24)
Scrolls
 h - a scroll of blinking
 j - 3 scrolls of remove curse
 p - 2 scrolls of teleportation
 x - a scroll of vulnerability
 y - a scroll of magic mapping {unknown}
Potions
 b - 3 potions of haste
 c - a potion of lignification
 f - 9 potions of blood
 o - 2 potions of mutation
 r - a potion of heal wounds
 u - 2 potions of curing
 v - 2 potions of brilliance
 w - a potion of flight
 D - a potion of degeneration {unknown}


   Skills:
 - Level 5.0 Fighting
 + Level 3.7 Short Blades
 * Level 9.5 Dodging
 + Level 9.5 Stealth
   Level 1.0 Shields
 - Level 1.1 Unarmed Combat
 - Level 1.0 Evocations


You had 8 spell levels left.
You didn't know any spells.

Dungeon Overview and Level Annotations

Branches:
Dungeon (7/15)             Temple (1/1) D:5

Altars:
Ashenzari
Cheibriados
Dithmenos
Elyvilon
Fedhas
Gozag
Hepliaklqana
Kikubaaqudgha
Makhleb
Nemelex Xobeh
Okawaru
Qazlal
Ru
Sif Muna
Trog
Uskayaw
Vehumet
Xom
Yredelemnul
Zin
The Shining One


Innate Abilities, Weirdness & Mutations

You have razor-sharp teeth.
You have supernaturally acute eyesight. (SInv)
You can survive without breathing.
Your life essence is reduced to manifest your ancestor. (-10% HP)


Message History

The orc warrior is lightly wounded.
The orc warrior hits you with a hand axe!
You hit the orc warrior but do no damage.
The orc warrior looks as sick as possible!
The orc warrior is lightly wounded.
The orc priest calls down the wrath of Beogh upon you.
Beogh smites you!
You completely miss the orc warrior.
The orc warrior is lightly wounded.
The orc warrior closely misses you.
You hit the orc warrior but do no damage.
The orc warrior looks as sick as possible!
The orc warrior is moderately wounded.
The orc warrior closely misses you.
The orc priest invokes the aid of Beogh against you.
Beogh smites you!
* * * LOW HITPOINT WARNING * * *
The orc priest calls down the wrath of Beogh upon you.
Beogh smites you!
You die...

#(# #.# # #o#
#.# # #o# #.# #
#o# #.# # #o#
.#######.####
#.#
.............
#.#
#######.#####
#o###########.#
#.@...........#
###############


You could see an orc warrior, an orc priest and 3 orcs.

Vanquished Creatures
  Grinder (D:6)
  An orc warrior (D:6)
  2 ogres
  A phantom (D:3)
  A centaur (D:6)
  A bullfrog (D:6)
  6 big kobolds (D:3)
  A centaur zombie (D:7)
  2 orc priests
  2 jellies (D:5)
  8 orc wizards
  3 bullfrog skeletons
  Crazy Yiuf (D:3)
  Jessica (D:3)
  An iguana (D:5)
  3 worker ants
  A hound skeleton (D:5)
  5 gnolls
  12 adders
  A shadow imp (D:5)
  3 oozes
  An adder skeleton (D:4)
  2 worms
  2 dart slugs (D:2)
  A leopard gecko (D:2)
  19 orcs
  6 bats
  9 giant cockroaches
  10 goblins
  13 hobgoblins
  11 jackals
  53 kobolds
  2 ball pythons
  A ball python skeleton (D:6)
  3 frilled lizards (D:2)
  A jackal skeleton (D:4)
  A quokka zombie (D:5)
  8 rats
200 creatures vanquished.

Vanquished Creatures (collateral kills)
  A gnoll (D:6)
  2 orcs (D:6)
3 creatures vanquished.

Vanquished Creatures (others)
  3 ancestors
3 creatures vanquished.

Grand Total: 206 creatures vanquished

Notes
Turn   | Place    | Note
-------+----------+-------------------------------------------
     0 | D:1      | straycat the Vampire Wanderer began the quest for the Orb.
     0 | D:1      | straycat set off with: a potion of berserk rage, a potion of haste, 2 potions of lignification, a +0 robe, a +0 dagger, a potion of blood
     0 | D:1      | Reached XP level 1. HP: 17/17 MP: 1/1
    87 | D:1      | Reached XP level 2. HP: 8/23 MP: 2/2
   987 | D:1      | Reached XP level 3. HP: 25/29 MP: 3/3
  1709 | D:2      | Noticed Jessica
  2102 | D:2      | Reached XP level 4. HP: 35/35 MP: 4/4
  2438 | D:3      | Killed Jessica
  2444 | D:3      | HP: 2/52 [poisoned by Jessica]
  2449 | D:3      | HP: 2/52 [poisoned by Jessica]
  2454 | D:3      | HP: 1/52 [poisoned by Jessica]
  2934 | D:3      | Reached XP level 5. HP: 41/41 MP: 5/5
  2953 | D:3      | Found a runed door.
  2958 | D:3      | Noticed Crazy Yiuf
  2962 | D:3      | Killed Crazy Yiuf
  3326 | D:3      | Noticed a phantom
  3339 | D:3      | Killed a phantom
  3339 | D:3      | Reached skill level 5 in Dodging
  3395 | D:3      | Reached XP level 6. HP: 31/48 MP: 6/6
  3406 | D:3      | Reached skill level 5 in Stealth
  4475 | D:4      | Noticed a two-headed ogre
  4752 | D:3      | Reached XP level 7. HP: 19/54 MP: 7/7
  5896 | D:3      | Reached XP level 8. HP: 32/61 MP: 8/8
  6683 | D:4      | Reached skill level 5 in Fighting
  6747 | D:5      | Entered Level 5 of the Dungeon
  6873 | D:5      | Found a burning altar of Makhleb.
  8059 | D:5      | Found a staircase to the Ecumenical Temple.
  8065 | Temple   | Entered the Ecumenical Temple
  8242 | Temple   | Became a worshipper of Hepliaklqana the Forgotten
  8567 | D:6      | Found a blossoming altar of Fedhas.
  8569 | D:6      | Found a basalt altar of Yredelemnul.
  8593 | D:6      | Got a pair of scorched gloves
  8599 | D:6      | Identified the +1 pair of gloves of Tenacity {rElec rCorr Int+4} (You found it on level 6 of the Dungeon)
  8981 | D:6      | Noticed Grinder
  8985 | D:6      | Killed Grinder
  9126 | D:6      | Reached XP level 9. HP: 52/61 MP: 9/9
  9701 | D:7      | Killed from afar by an orc priest

Skill      XL: |  1  2  3  4  5  6  7  8 |
---------------+-------------------------+-----
Stealth        | 2 3 4 6 7 9 |  9.5
Fighting       | 3 4 5 |  5.0
Dodging        | 3 4 5 6 7 9 |  9.5
Short Blades   | 3 |  3.7
Shields        | |  1.0
Unarmed Combat | |  1.1
Evocations     | |  1.0

Action                   |  1- 3 |  4- 6 |  7- 9 || total
-------------------------+-------+-------+-------++-------
Melee: Dagger            |   178 |   150 |   236 ||   564
       Bite              |    12 |    23 |    31 ||    66
       Punch             |     2 |       |     2 ||     4
       Quarterstaff      |       |    11 |    99 ||   110
       Unarmed           |       |       |    29 ||    29
Throw: Stone             |     9 |     3 |     3 ||    15
Invok: Ancestor Identity |       |       |     1 ||     1
 Abil: End Transformatio |       |     2 |     3 ||     5
       Bat Form          |       |     2 |     3 ||     5
  Use: Potion            |     6 |     6 |    13 ||    25
       Scroll            |       |     6 |     6 ||    12
 Stab: Sleeping          |     3 |     9 |     8 ||    20
       Distracted        |       |     1 |     1 ||     2
  Eat: Corpse            |     1 |     3 |     5 ||     9
Armor: Robe              |    31 |     4 |       ||    35
       Leather armour    |       |    15 |    58 ||    73
Dodge: Dodged            |   125 |   108 |   389 ||   622
